 Dungeon Crawl Stone Soup version 0.30-a0-989-g0d87f670db (webtiles) character file.

Game seed: 17439507331143469951

128 ytrimaz the Trooper (level 4, -8/55 HPs)
             Began as a Demonspawn Fighter on Apr 3, 2023.
             Mangled by an iguana (10 damage)
             ... on level 3 of the Dungeon.
             The game lasted 00:02:59 (1810 turns).

ytrimaz the Trooper (Demonspawn Fighter)            Turns: 1810, Time: 00:03:00

Health: -8/55      AC:  7    Str: 18    XL:     4   Next: 86%
Magic:  4/4        EV: 10    Int: 10    God:
Gold:   63         SH:  0    Dex: 12    Spells: 3/3 levels left

rFire   . . .      SeeInvis .      - Unarmed
rCold   + . .      Faith    .    (no shield)
rNeg    . . .      Spirit   .    l - +2 ring mail {rC+}
rPois   .          Reflect  .    (no helmet)
rElec   .          Rampage  .    (no cloak)
rCorr   .                        (no gloves)
Will    .....                    (no boots) Stlth
                                 (no amulet)
HPRegen 0.29/turn                (no ring)
MPRegen 0.09/turn                (no ring)

@: berserking, very quick
A: claws 2, powered by death 1
a: no special abilities


You were on level 3 of the Dungeon.
You visited 1 branch of the dungeon, and saw 3 of its levels.

You collected 63 gold pieces.


Innate Abilities, Weirdness & Mutations

You have very sharp fingernails.
You regenerate a little health from kills.


   Skills:
 + Level 4.2 Fighting
 - Level 2.5 Axes
 - Level 2.6 Armour
 - Level 2.6 Shields
 + Level 2.4 Unarmed Combat


You had 3 spell levels left.
You didn't know any spells.
Your spell library contained the following spells:

 Spells                   Type           Power      Damage    Failure   Level
 Magic Dart               Conj           0%         1d3       54%         1
 Call Imp                 Summ           0%         N/A       69%         2
 Sublimation of Blood     Necr           0%         N/A       69%         2
 Mephitic Cloud           Conj/Pois/Air  0%         N/A       89%         3
 Vhi's Electric Charge    Tloc/Air       0%         N/A       89%         3
 Petrify                  Tmut/Erth      0%         N/A       100%        4
 Arcjolt                  Conj/Air       0%         1d10      100%        5
 Irradiate                Conj/Tmut      0%         3d11      100%        5
 Maxwell's Capacitive Co  Air            0%         ∞         100%        8

Inventory:

Hand Weapons
 a - a +0 war axe
Armour
 c - a +0 buckler
 l - a +2 ring mail of cold resistance (worn)
   (You found it on level 2 of the Dungeon)
Scrolls
 e - a scroll of amnesia
 f - a scroll of teleportation
 n - a scroll of enchant weapon {unknown}
Potions
 b - a potion of invisibility
 d - a potion of might
 g - a potion of flight {unknown}
 h - a potion of brilliance {unknown}
 i - a potion of attraction {unknown}
 j - 2 potions of curing {unknown}
 m - a potion of mutation {unknown}

Dungeon Overview and Level Annotations

Branches:
Dungeon (3/15) Zot: 16158

Altars:

#.... ..## .... ...#
... .<.# # ..#...
#.#.... .... #l###
.. ..#@o.# ..
#.###.######.#######
..#...>.............
.#.#).(..........#.
.o.#.###...........
##.##)# #.#...#...#
#.##.# #.........#
#.##.###.....#...##
#...#........#....#


You could see an iguana and an orc.


Message History

No target in view!
There is a stone staircase leading up here.
You pick up Maxwell's Memoranda and begin reading...
You add the spells Vhi's Electric Charge, Arcjolt and Maxwell's Capacitive Coupling to your library.
You now have 42 gold pieces (gained 10).
You hear the slow rusting of a distant drain.
n - a scroll labelled QADUEL MESE
Found a stone staircase leading down.
You now have 53 gold pieces (gained 11).
You now have 63 gold pieces (gained 10).
Found an escape hatch in the floor.
There is an escape hatch in the floor here.
An orc comes into view. It is wielding a +0 dagger.
An orc is nearby!
You scratch the orc. The orc hits you but does no damage.
An orc comes into view. It is wielding a +0 club.
Unknown command.
The orc shouts!
You claw the orc!
You kill the orc!
Things that are here:
a +0 dagger; a +0 leather armour; an orc corpse You claw the orc!
You kill the orc!
Unknown command.
Things that are here:
a +0 club; an orc corpse No target in view!
A giant cockroach comes into view.
An orc comes into view. It is wielding a +0 trident.
There are monsters nearby!
There are monsters nearby!
The giant cockroach bites you. 😕 HP[-1]
You take 1 damage, and now have 36/37 hp.
The giant cockroach closely misses you. The orc closely misses you.
The giant cockroach closely misses you. 😎 HP[+1]
Your hp is fully restored (37).
You scratch the giant cockroach.
You kill the giant cockroach!
An orc comes into view. It is wielding a +0 flail.
The orc barely misses you.
Unknown command.
The orc completely misses you.
An iguana comes into view.
Found an escape hatch in the ceiling.
The iguana hisses angrily.
The orc hits you with a +0 trident.
You see here a scroll labelled VATRUZA WIKH. 😕 HP[-1]
You take 1 damage, and now have 36/37 hp.
Unknown command.
You barely miss the orc. You claw the orc, but do no damage.
The orc closely misses you. 😎 HP[+1]
Your hp is fully restored (37).
You claw the orc!
You kill the orc!
You scratch the iguana but do no damage.
You hear the slow rusting of a drain very nearby.
The iguana misses you.
The orc shouts!
You claw the iguana! The iguana closely misses you.
You closely miss the iguana. The orc misses you. The iguana bites you! 😕 HP[-8]
You take 8 damage, and now have 29/37 hp.
MASSIVE DAMAGE!! (PAUSE)
You scratch the iguana. The orc closely misses you.
The iguana bites you! 😮 HP[-8]
You take 8 damage, and now have 21/37 hp.
MASSIVE DAMAGE!! (PAUSE)
You are too injured to fight recklessly!
You closely miss the iguana. The orc barely misses you.
The iguana barely misses you. 😮 HP[+1]
You barely miss the iguana. The iguana bites you.
* * * LOW HITPOINT WARNING * * *
The orc hits you with a +0 flail.
* * * LOW HITPOINT WARNING * * *
😨 HP[-9]
You take 9 damage, and now have 13/37 hp.
MASSIVE DAMAGE!! (PAUSE)
You completely miss the iguana. The iguana bites you!
* * * LOW HITPOINT WARNING * * *
The orc hits you but does no damage. 😱 HP[-12]
You take 12 damage, and now have 1/37 hp.
MASSIVE DAMAGE!! (PAUSE)
Okay, then.
Okay, then.
Unknown command.
A red film seems to cover your vision as you go berserk!
You feel yourself moving faster!
You feel mighty! The orc barely misses you.
The iguana barely misses you. 😱 HP[+1]
You now have 55 max hp (+18).
Unknown command.
You scratch the iguana. The orc barely misses you. The iguana bites you!
You die...

Skill      XL: |  1  2  3  4 |
---------------+-------------+-----
Axes           | 2 |  2.5
Unarmed Combat | 1 2 |  2.4
Fighting       | 4 |  4.2
Armour         | |  2.6
Shields        | |  2.6

Action                     |  1- 3 |  4- 6 || total
---------------------------+-------+-------++-------
  Melee: War axe           |    47 |       ||    47
         Unarmed           |   111 |    47 ||   158
         Punch             |     2 |     1 ||     3
    Use: Potion            |     1 |     1 ||     2
         Scroll            |       |     4 ||     4
 Armour: Scale mail        |   100 |       ||   100
         Ring mail         |    17 |     6 ||    23
  Dodge: Dodged            |   117 |    22 ||   139
  Block: Buckler           |    13 |       ||    13

Levels and vault maps discovered:
D:1:      wander_arrival_desolate, layout_basic, st_stairs_5,
          minmay_tree_intersection
D:2:      layout_rooms, nicolae_concentric_dashed_squares_mild
D:3:      layout_loops_ring, lemuel_coloured_pillars_altar,
          mainiacjoe_overflow_alcove_4, gup_sewer_entry_bubbles

Notes
Turn   | Place    | Note
-------+----------+-------------------------------------------
     0 | D:1      | ytrimaz the Demonspawn Fighter began the quest for the Orb.
     0 | D:1      | Reached XP level 1. HP: 18/18 MP: 1/1
     0 | D:1      | magus.rc [v1.9.6]
    31 | D:1      | Reached skill level 2 in Axes
   216 | D:1      | Gained mutation: You have sharp fingernails. [demonic
                  | ancestry]
   216 | D:1      | Reached XP level 2. HP: 23/24 MP: 2/2
   886 | D:1      | HP: 4/24 [gnoll/+0 club (4)]
   893 | D:1      | Reached skill level 1 in Unarmed Combat
   893 | D:1      | Gained mutation: You have very sharp fingernails. [demonic
                  | ancestry]
   893 | D:1      | Reached XP level 3. HP: 7/29 MP: 3/3
  1061 | D:2      | You pick up a book of Minor Magic and begin reading...
  1061 | D:2      | You add the spells Magic Dart, Call Imp and Mephitic Cloud
                  | to your library.
  1132 | D:2      | You pick up a book of Alchemy and begin reading...
  1132 | D:2      | You add the spells Sublimation of Blood, Petrify and
                  | Irradiate to your library.
  1187 | D:2      | HP: 7/29 [gnoll/+0 spear (3)]
  1336 | D:2      | Gained mutation: You regenerate a little health from kills.
                  | [demonic ancestry]
  1336 | D:2      | Reached XP level 4. HP: 33/37 MP: 4/4
  1686 | D:2      | Reached skill level 2 in Unarmed Combat
  1726 | D:3      | Reached skill level 4 in Fighting
  1744 | D:3      | You add the spells Vhi's Electric Charge, Arcjolt and
                  | Maxwell's Capacitive Coupling to your library.
  1808 | D:3      | HP: 1/37 [iguana (12)]
  1810 | D:3      | Mangled by an iguana

Vanquished Creatures
  An orc priest (D:3)
  4 gnolls
  2 worms (D:2)
  A dart slug (D:2)
  7 orcs (D:3)
  3 ball pythons
  7 bats
  4 endoplasms
  A giant cockroach (D:3)
  A goblin (D:1)
  3 hobgoblins
  4 kobolds
  5 rats
43 creatures vanquished.

Table legend:
 A = Non-vault XP
 B = Vault XP
 C = Vault XP percentage of total XP
 D = Non-vault monster count
 E = Vault monster count
 F = Vault count percentage of total count
                 A         B        C        D         E       F
            +---------+---------+-------+---------+---------+-------
      Total |     181 |       2 |   1.1 |      41 |       2 |   4.7
            +---------+---------+-------+---------+---------+-------
        D:1 |      57 |       2 |   3.4 |      19 |       2 |   9.5
        D:2 |      55 |       0 |   0.0 |      12 |       0 |   0.0
        D:3 |      69 |       0 |   0.0 |      10 |       0 |   0.0
            +---------+---------+-------+---------+---------+-------

Illustrated notes

Table legend:
 A = Kills in this place as a percentage of kills in the entire game.
 B = Kills by you in this place as a percentage of kills by you in the entire game.
 C = Kills by friends in this place as a percentage of kills by friends in the entire game.
 D = Other kills in this place as a percentage of other kills in the entire game.
 E = Experience gained in this place as a percentage of experience gained in the entire game.
 F = Experience gained in this place divided by the number of levels of this place that you have seen.
                   A       B       C       D       E      F
               +-------+-------+-------+-------+-------+----------------------
         Total | 100.0 | 100.0 |   N/A |   N/A | 100.0 |  61.0
       Dungeon | 100.0 | 100.0 |   N/A |   N/A | 100.0 |  61.0
               +-------+-------+-------+-------+-------+----------------------

Table legend: (Time is in decaauts)
 A = Elapsed time spent in this place.
 B = Non-inter-level travel time spent in this place.
 C = Inter-level travel time spent in this place.
 D = Time resting spent in this place.
 E = Time spent auto-exploring this place.
 F = Levels seen in this place.
 G = Mean time per level.
                   A        B        C        D        E       F      G
               +--------+--------+--------+--------+--------+-----+--------+
         Total |   1840 |   1743 |     97 |    186 |   1063 |   3 |  613.3 |
       Dungeon |   1840 |   1743 |     97 |    186 |   1063 |   3 |  613.3 |
               +--------+--------+--------+--------+--------+-----+--------+

Top non-repeatable levels by time:
     D:1: 1133 daAuts
     D:2: 598 daAuts
     D:3: 108 daAuts
